 Dungeon Crawl Stone Soup version 0.24-a0-530-g18ba70b5 (webtiles) character file.

Game seed: 9775491145779615284

6533 Faca the Fighter (level 10, -13/100 HPs)
             Began as a Centaur Hunter on Aug 7, 2019.
             Was an Initiate of Okawaru.
             Killed from afar by Maurice (14 damage)
             ... with a bolt of acid
             ... on level 8 of the Dungeon.
             The game lasted 00:24:11 (12835 turns).

Faca the Fighter (Centaur Hunter)                  Turns: 12835, Time: 00:24:11

Health: -13/100    AC:  6    Str: 19    XL:     10   Next: 69%
Magic:  10/10      EV:  8    Int: 14    God:    Okawaru [......]
Gold:   524        SH:  0    Dex:  9    Spells: 9/9 levels left

rFire    . . .     SeeInvis .   C - +1 spear (venom)
rCold    . . .     Gourm    .   (no shield)
rNeg     . . .     Faith    .   w - +2 ring mail "Ifoytw Siak" {Int+4}
rPois    +         Spirit   .   b - +1 helmet
rElec    .         Reflect  .   (no cloak)
rCorr    .         Harm     .   o - +0 pair of gloves
MR       +....                  (no barding)
Stlth    ..........             (no amulet)
HPRegen  0.26/turn              q - ring of poison resistance
MPRegen  0.12/turn              y - ring of protection from magic

@: corroded, lightly drained, very quick
A: large, hooves 3, deformed body, speed 2, tough skin 3
a: Renounce Religion


You were on level 8 of the Dungeon.
You worshipped Okawaru.
Okawaru was noncommittal.
You were not hungry.

You visited 2 branches of the dungeon, and saw 9 of its levels.

You collected 524 gold pieces.

Inventory:

Hand Weapons
 g - a +1 shortbow of velocity
 z - a +3 halberd of flaming
 A - a +2 halberd of venom
 C - a +1 spear of venom (weapon)
Missiles
 e - 7 arrows
Armour
 b - a +1 helmet (worn)
 o - a +0 pair of gloves (worn)
 w - the +2 ring mail "Ifoytw Siak" (worn) {Int+4}
   (You found it on level 4 of the Dungeon)

   It affects your intelligence (+4).
Jewellery
 q - a ring of poison resistance (left hand)
 y - a ring of protection from magic (right hand)
Scrolls
 k - 2 scrolls of teleportation
 r - a scroll of remove curse
 u - 2 scrolls of enchant armour
 v - a scroll of enchant weapon
Potions
 c - 2 potions of brilliance
 d - a potion of haste {unknown}
 h - 3 potions of lignification
 i - 2 potions of agility
 m - 4 potions of curing
 p - a potion of cancellation
 s - a potion of invisibility
Comestibles
 f - 12 rations


   Skills:
 - Level 12.9(12.7) Fighting
 + Level 8.5(8.3) Polearms
 + Level 6.3(6.1) Bows
 - Level 1.3(1.2) Dodging
 - Level 0.4(0.2) Stealth


You had 9 spell levels left.
You didn't know any spells.
Your spell library contained the following spells:

 Spells                   Type           Power        Failure   Level  Hunger
 Beastly Appendage        Tmut           #.....       45%         1    ##.....
 Sticks to Snakes         Tmut           #.......     58%         2    ###....
 Spider Form              Tmut/Pois      #.........   83%         3    ####...
 Ice Form                 Ice/Tmut       #.......     99%         4    #####..
 Blade Hands              Tmut           #.........   100%        5    ######.


Dungeon Overview and Level Annotations

Branches:
Dungeon (8/15)             Temple (1/1) D:7
   Lair: D:8-11

Altars:
Ashenzari
Cheibriados
Dithmenos
Elyvilon
Fedhas
Gozag
Kikubaaqudgha
Makhleb
Okawaru
Trog
Uskayaw
Vehumet
Xom
Yredelemnul
The Shining One

Annotations:
D:5 1 runed translucent door, mhtbhm's ghost, novice MiFi
D:8 Erica; Maurice


Innate Abilities, Weirdness & Mutations

You have hooves in place of feet.
Armour fits poorly on your strangely shaped body.
You cover ground very quickly.
You have extremely tough skin. (AC +3)


Message History

You barely miss something. Your kick misses something.
Something tries to affect you, but you resist.
You hit something but do no damage. Your kick misses something.
Something hits you.
Something steals your ring of protection from magic!
You hit something. Your kick misses something.
You hear a zap.
A bolt of acid appears from out of thin air!
The bolt of acid hits you!!
You are splashed with acid!
* * * LOW HITPOINT WARNING * * *
You hit something but do no damage. Your kick misses something.
You hear some strange, mumbled words.
An orb of energy appears from out of thin air!
The orb of energy hits you!!
* * * LOW HITPOINT WARNING * * *
You miss something. You kick something.
You hear a zap.
A bolt of acid appears from out of thin air!
The bolt of acid hits you!
You die...

#.....# #.....#
#.....# #.....#
#.....# #....$#
#.....############
#.({@............#
################.#
#.# #.#### #.....
######


There were no monsters in sight!

Vanquished Creatures
  Pikel (D:4)
  Joseph (D:8)
  Prince Ribbit (D:6)
  Grinder (D:6)
  A hippogriff (D:7)
  A vampire (D:7)
  4 humans (D:6)
  Menkaure (D:4)
  Duvessa (D:6)
  A water moccasin (D:6)
  2 orc warriors
  2 sky beasts (D:7)
  A necrophage (D:5)
  A black bear (D:6)
  2 phantoms
  8 ogres
  5 centaurs
  Blork the orc (D:6)
  2 big kobolds
  A gnoll sergeant (D:5)
  A wyvern zombie (D:7)
  Dowan (D:6)
  A scorpion (D:4)
  5 killer bees
  2 howler monkeys
  4 crimson imps
  A centaur zombie (D:5)
  A centaur skeleton (D:7)
  3 orc priests
  7 orc wizards
  3 hounds
  6 gnoll shamans
  A bullfrog skeleton (D:5)
  2 iguanas
  7 worker ants
  A worker ant zombie (D:6)
  41 gnolls
  A howler monkey skeleton (D:7)
  12 adders
  A shadow imp (D:7)
  An ooze (D:5)
  An adder skeleton (D:7)
  An adder zombie (D:8)
  A worm (D:5)
  3 leopard geckos
  16 orcs
  A ball python (D:7)
  2 giant cockroaches
  5 goblins
  15 hobgoblins
  25 jackals
  A quokka (D:5)
  2 bats
  A frilled lizard (D:1)
  2 giant cockroach zombies (D:5)
  10 kobolds
  A leopard gecko zombie (D:6)
  A quokka zombie (D:7)
  7 rats
235 creatures vanquished.

Notes
Turn   | Place    | Note
-------+----------+-------------------------------------------
     0 | D:1      | Faca the Centaur Hunter began the quest for the Orb.
     0 | D:1      | Reached XP level 1. HP: 17/17 MP: 1/1
   704 | D:2      | Reached skill level 3 in Fighting
   704 | D:2      | Reached XP level 2. HP: 8/26 MP: 2/2
  1990 | D:3      | Reached XP level 3. HP: 31/31 MP: 3/3
  2680 | D:3      | Reached skill level 4 in Fighting
  2972 | D:3      | Reached XP level 4. HP: 40/41 MP: 4/4
  3134 | D:4      | Found a radiant altar of Vehumet.
  3200 | D:4      | Noticed Menkaure
  3279 | D:3      | Reached skill level 5 in Fighting
  3446 | D:4      | Reached XP level 5. HP: 48/48 MP: 5/5
  3807 | D:4      | Noticed an ogre
  3833 | D:4      | Killed an ogre
  3833 | D:4      | Reached skill level 6 in Fighting
  3833 | D:4      | Reached XP level 6. HP: 52/58 MP: 6/6
  4020 | D:4      | Reached skill level 7 in Fighting
  4150 | D:4      | Found a bloodstained altar of Trog.
  4150 | D:4      | Noticed Pikel
  4150 | D:4      | Noticed a slave
  4150 | D:4      | Noticed a slave
  4150 | D:4      | Noticed a slave
  4150 | D:4      | Noticed a slave
  4233 | D:4      | Killed Pikel
  4233 | D:4      | Reached skill level 9 in Fighting
  4233 | D:4      | Reached XP level 7. HP: 70/70 MP: 7/7
  4324 | D:4      | Found a shimmering altar of Xom.
  4325 | D:4      | Found a burning altar of Makhleb.
  4325 | D:4      | Found an opulent altar of Gozag.
  4329 | D:4      | Found a blossoming altar of Fedhas.
  4329 | D:4      | Found a hide-covered altar of Uskayaw.
  4334 | D:4      | Found a white marble altar of Elyvilon.
  4334 | D:4      | Found a snail-covered altar of Cheibriados.
  4344 | D:4      | Found a shattered altar of Ashenzari.
  4451 | D:4      | Killed Menkaure
  4451 | D:4      | Reached XP level 8. HP: 32/78 MP: 8/8
  4768 | D:4      | Got a scorched ring mail
  4779 | D:4      | Identified the +2 ring mail "Ifoytw Siak" {Int+4} (You
                  | found it on level 4 of the Dungeon)
  4795 | D:5      | Entered Level 5 of the Dungeon
  4812 | D:5      | Found a shadowy altar of Dithmenos.
  4922 | D:5      | Found a runed translucent door.
  4939 | D:5      | Noticed mhtbhm's ghost (novice MiFi)
  5074 | D:5      | Reached skill level 10 in Fighting
  5291 | D:5      | Reached skill level 1 in Polearms
  6498 | D:5      | Reached XP level 9. HP: 85/86 MP: 9/9
  6668 | D:6      | Reached skill level 11 in Fighting
  6747 | D:6      | Reached skill level 5 in Polearms
  7047 | D:6      | Noticed Grinder
  7056 | D:6      | Killed Grinder
  7654 | D:6      | Noticed Blork the orc
  7669 | D:6      | Killed Blork the orc
  7726 | D:6      | Noticed Prince Ribbit
  7734 | D:6      | Killed Prince Ribbit
  7734 | D:6      | Reached skill level 12 in Fighting
  7891 | D:6      | Noticed Duvessa
  7892 | D:6      | Noticed Dowan
  7902 | D:6      | Killed Duvessa
  7915 | D:6      | Killed Dowan
  8529 | D:6      | Reached XP level 10. HP: 87/97 MP: 10/10
 11797 | D:7      | Found a glowing golden altar of the Shining One.
 11923 | D:7      | Found a staircase to the Ecumenical Temple.
 11929 | Temple   | Entered the Ecumenical Temple
 12055 | Temple   | Became a worshipper of Warmaster Okawaru
 12418 | D:8      | Noticed Joseph
 12463 | D:8      | Killed Joseph
 12816 | D:8      | Noticed Maurice
 12824 | D:8      | Noticed Erica
 12834 | D:8      | HP: 1/100 [something/orb of energy (28)]
 12835 | D:8      | Killed from afar by Maurice

Levels and vault maps discovered:
D:1:      dpeg_arrival_stonehenge_8_columns, layout_loops_corners
D:2:      layout_basic, first_ration
D:3:      layout_basic
D:4:      layout_basic, vehumet_crystals, lightli_temple_of_fire,
          grunt_temple_overflow_open, supply_closet_lemuel, uniq_menkaure,
          uniq_pikel
D:5:      lemuel_castle_with_subvaults [lemuel_castle_interior_carwin_3],
          layout_cave_pods, ebering_ghost_inner_flame, grunt_dithmenos_shadows
D:6:      kennysheep_housing_project, layout_cave_pods, minmay_ruffians,
          uniq_duvessa, uniq_blork_the_orc, uniq_grinder, uniq_prince_ribbit1
D:7:      layout_rooms, nicolae_tso_carved_into_rock,
          minmay_temple_entry_metal_lava, dk_rats_in_the_wall
D:8:      cheibrodos_histonic, layout_basic, uniq_erica, uniq_joseph,
          uniq_maurice
Temple:   jpeg_temple_alley_garden

Skill      XL: |  1  2  3  4  5  6  7  8  9 10 |
---------------+-------------------------------+-----
Fighting       | 3 4 5 6 9 10 12 | 12.9
Polearms       | 4 6 8 |  8.5
Bows           | 6 |  6.3
Dodging        | |  1.3
Stealth        | |  0.4

Action                   |  1- 3 |  4- 6 |  7- 9 | 10-12 || total
-------------------------+-------+-------+-------+-------++-------
Melee: Short sword       |   153 |   118 |       |       ||   271
       Kick              |    23 |    23 |    80 |    81 ||   207
       Whip              |       |       |   189 |       ||   189
       Spear             |       |       |   218 |   362 ||   580
       Halberd           |       |       |       |    15 ||    15
 Fire: Shortbow          |       |    24 |       |       ||    24
  Use: Scroll            |       |     2 |       |    14 ||    16
  Eat: Chunk             |     5 |     3 |    12 |     3 ||    23
       Ration            |       |       |       |     3 ||     3
Armor: Scale mail        |    83 |    71 |     3 |       ||   157
       Leather armour    |     6 |       |       |       ||     6
       Ring mail         |       |       |   150 |   110 ||   260
Dodge: Dodged            |    51 |    39 |   143 |   116 ||   349

Table legend:
 A = Non-vault XP
 B = Vault XP
 C = Vault XP percentage of total XP
 D = Non-vault monster count
 E = Vault monster count
 F = Vault count percentage of total count
                 A         B        C        D         E       F
            +---------+---------+-------+---------+---------+-------
      Total |    4528 |    4806 |  51.5 |     141 |      94 |  40.0
            +---------+---------+-------+---------+---------+-------
        D:1 |       7 |       0 |   0.0 |       5 |       0 |   0.0
        D:2 |      25 |       0 |   0.0 |       9 |       0 |   0.0
        D:3 |     120 |       0 |   0.0 |      22 |       0 |   0.0
        D:4 |     468 |     808 |  63.3 |      14 |       2 |  12.5
        D:5 |     569 |     892 |  61.1 |      26 |      52 |  66.7
        D:6 |    1145 |    2687 |  70.1 |      19 |      39 |  67.2
        D:7 |    1635 |       0 |   0.0 |      28 |       0 |   0.0
        D:8 |     559 |     419 |  42.8 |      18 |       1 |   5.3
            +---------+---------+-------+---------+---------+-------
